 Dungeon Crawl Stone Soup version 0.26.1-11-gd32895ea62 (webtiles) character file.

Game seed: 15085577976267150165

2552 promet the Magician (level 9, -5/68 HPs)
             Began as a Demonspawn Hedge Wizard on June 13, 2021.
             Was a Believer of Sif Muna.
             Slain by a two-headed ogre
             ... wielding a +0 giant spiked club
              (13 damage)
             ... on level 8 of the Dungeon on June 14, 2021.
             The game lasted 01:08:23 (11186 turns).

promet the Magician (Demonspawn Hedge Wizard)      Turns: 11186, Time: 01:08:24

Health: -5/68      AC: 11    Str: 11    XL:     9   Next: 31%
Magic:  19/19      EV: 13    Int: 19    God:    Sif Muna [**....]
Gold:   464        SH:  0    Dex: 18    Spells: 14/22 levels left

rFire    . . .     SeeInvis .   Q - +2 scythe (vorpal)
rCold    . . .     Faith    .   (shield currently unavailable)
rNeg     . . .     Spirit   .   h - +3 leather armour {rPois}
rPois    +         Reflect  .   c - +1 hat
rElec    .         Harm     .   (no cloak)
rCorr    .         Rampage  .   (no gloves)
Will     +....                  n - +0 pair of boots
Stlth    +++.......             (no amulet)
HPRegen  0.21/turn              j - +6 ring of dexterity
MPRegen  0.16/turn              w - ring of willpower

@: no status effects
A: horns 1, talons 2, yellow scales 2, powered by pain 2, spiny 2
a: Renounce Religion, Channel Magic


You were on level 8 of the Dungeon.
You worshipped Sif Muna.
Sif Muna was pleased with you.
You visited 1 branch of the dungeon, and saw 8 of its levels.

You collected 464 gold pieces.

Inventory:

Hand Weapons
 a - a +5 short sword
 b - a +0 hand crossbow
 d - a +0 dagger
 g - a +0 hand axe
 v - a +0 hunting sling
 F - a +0 spear
 J - a cursed -2 rapier
 M - a +0 battleaxe
 N - a +0 scimitar of flaming
 P - a +1 flail of protection
 Q - a +2 vorpal scythe (weapon)
Missiles
 e - 3 curare-tipped darts
 f - 308 stones
 i - 15 poisoned darts (quivered)
 m - 2 throwing nets
 r - 112 arrows
 A - 88 bolts
 C - 18 sling bullets
Armour
 c - a +1 hat (worn)
 h - a +3 leather armour of poison resistance (worn)
 n - a +0 pair of boots (worn)
 o - a +0 helmet
 y - a +0 pair of boots
 L - a +1 robe
 O - +0 steam dragon scales
Jewellery
 j - a +6 ring of dexterity (left hand)
 w - a ring of willpower (right hand)
 x - an uncursed ring of protection from cold
 D - an uncursed ring of see invisible
Wands
 t - a wand of paralysis (11)
 K - a wand of flame (15)
Scrolls
 k - 6 scrolls of remove curse
 q - 2 scrolls of magic mapping
 B - 3 scrolls of teleportation
 G - a scroll of amnesia
Potions
 l - a potion of resistance
 p - a potion of flight
 s - a potion of haste
 u - 2 potions of brilliance
 z - a potion of heal wounds
 E - 3 potions of curing
 H - a potion of ambrosia
 I - 2 potions of might


   Skills:
 * Level 5.6 Fighting
 + Level 2.8 Short Blades
 + Level 0.8(1.1) Axes
 * Level 1.0(1.1) Polearms
 + Level 1.3 Armour
 + Level 3.1 Dodging
 + Level 4.1 Stealth
 + Level 7.2 Spellcasting
 + Level 2.5 Conjurations
 + Level 0.7 Hexes
 + Level 4.9 Summonings
 + Level 1.0 Translocations


You had 14 spell levels left.
You knew the following spells:

 Your Spells              Type           Power        Failure   Level
a - Magic Dart            Conj           64%          4%          1
b - Call Imp              Summ           25%          2%          2
c - Blink                 Tloc           N/A          13%         2
d - Apportation           Tloc           20%          9%          1
e - Slow                  Hex            9%           14%         2

Your spell library contained the following spells:

 Spells                   Type           Power        Failure   Level
 Conjure Flame            Conj/Fire      11%          24%         3
 Mephitic Cloud           Conj/Pois/Air  10%          28%         3


Dungeon Overview and Level Annotations

Branches:
Dungeon (8/15)             Temple (0/1) D:5
   Lair: D:8-11

Altars:
Cheibriados
Gozag
Kikubaaqudgha
Makhleb
Nemelex Xobeh
Sif Muna
Vehumet

Annotations:
D:8 Psyche


Innate Abilities, Weirdness & Mutations

You have razor-sharp toenails.
You are mostly covered in yellow scales. (AC +3)
You sometimes gain power by taking damage.
You are mostly covered in sharp spines.
You have a pair of small horns on your head.


Message History

Aiming: Paralyse
Press: ? - help, Shift-Dir - straight line, f/p - two-headed ogre
Aim: a two-headed ogre, wielding a +0 giant spiked club and a +0 giant club (heavily wounded, chance to affect: 28%)
The two-headed ogre easily resists.
The two-headed ogre misses you.
The two-headed ogre hits you with a +0 giant club!
* * * LOW HITPOINT WARNING * * *
Your shadow imp hits the two-headed ogre.
Your shadow imp gestures at the two-headed ogre.
The two-headed ogre writhes in agony.
Reach: Q) +2 scythe (vorpal)
Press: ? - help, Dir - move target, f/p - two-headed ogre
Aim: a two-headed ogre, wielding a +0 giant spiked club and a +0 giant club (severely wounded)
You reach to attack!
You barely miss the two-headed ogre.
The two-headed ogre is severely wounded.
Your shadow imp barely misses the two-headed ogre.
The two-headed ogre is struck by your spines.
The two-headed ogre hits you with a +0 giant spiked club.
* * * LOW HITPOINT WARNING * * *
The two-headed ogre hits you with a +0 giant club!
You die...

.#.#.# #.# .#.#.# #.#
...#.# #.##### ##.#.#
#.....# ...# ###..##.#
#..# .....##.# #..#
###...##.# #..# #
#...##.# #..#
#.####...##@# #..#
...#...##O# @#
#..#.####.#...#5.# #..##
#..#........#.#.###......
#..######.#.#............
# #.#.....###...... #
#O#.#########+### #
#(#......<....# #
#.#...##.######


You could see a two-headed ogre and a friendly shadow imp (summoned).

Vanquished Creatures
  Maggie (D:7)
  Sigmund (D:7)
  Menkaure (D:4)
  Edmund (D:7)
  2 ice beasts
  A sky beast (D:5)
  A centaur (D:5)
  4 scorpions
  6 killer bees (D:7)
  A quasit (D:6)
  An orc priest (D:4)
  2 centaur skeletons (D:6)
  6 orc wizards
  A bullfrog skeleton (D:4)
  An iguana (D:6)
  Ijyb (D:3)
  5 worker ants
  2 hound zombies (D:5)
  2 hound skeletons (D:7)
  A worker ant zombie (D:7)
  A howler monkey skeleton (D:8)
  2 gnolls (D:3)
  8 adders
  2 shadow imps (D:5)
  2 white imps
  An ooze (D:3)
  3 worms
  3 dart slugs
  4 leopard geckos
  10 orcs
  7 bats
  5 giant cockroaches
  A goblin (D:1)
  3 hobgoblins
  7 jackals
  6 kobolds
  5 quokkas
  4 frilled lizards
  A leopard gecko skeleton (D:7)
  2 quokka skeletons
  A quokka zombie (D:7)
  4 rats
123 creatures vanquished.

Vanquished Creatures (collateral kills)
  Eustachio (D:6)
  3 ogres
  A big kobold (D:7)
  2 orc priests (D:4)
  An orc wizard (D:4)
  A worker ant (D:5)
  3 adders
  A white imp (D:6)
  2 worms (D:2)
  A dart slug (D:3)
  2 leopard geckos (D:6)
  An orc (D:7)
  A giant cockroach (D:2)
  A frilled lizard (D:6)
  5 kobolds
26 creatures vanquished.

Vanquished Creatures (others)
  56 plants
56 creatures vanquished.

Grand Total: 205 creatures vanquished

Notes
Turn   | Place    | Note
-------+----------+-------------------------------------------
     0 | D:1      | promet the Demonspawn Hedge Wizard began the quest for the
                  | Orb.
     0 | D:1      | Reached XP level 1. HP: 13/13 MP: 4/4
   343 | D:1      | Gained mutation: You sometimes gain a little power by
                  | taking damage. [demonic ancestry]
   343 | D:1      | Reached XP level 2. HP: 15/19 MP: 0/6
   346 | D:1      | Learned a level 2 spell: Call Imp
   927 | D:2      | Gained mutation: You are partially covered in yellow
                  | scales. (AC +2) [demonic ancestry]
   927 | D:2      | Reached XP level 3. HP: 9/25 MP: 1/8
  1965 | D:2      | Gained mutation: You are partially covered in sharp spines.
                  | [demonic ancestry]
  1965 | D:2      | Reached XP level 4. HP: 10/31 MP: 1/9
  2610 | D:2      | Learned a level 2 spell: Blink
  3110 | D:3      | Noticed Ijyb
  3147 | D:3      | Paralysed by Ijyb for 7 turns
  3156 | D:3      | Paralysed by Ijyb for 3 turns
  3173 | D:3      | Killed Ijyb
  3174 | D:3      | Gained mutation: You have sharp toenails. [demonic
                  | ancestry]
  3174 | D:3      | Reached XP level 5. HP: 29/36 MP: 1/10
  3292 | D:3      | Reached skill level 1 in Fighting
  3633 | D:3      | Reached skill level 4 in Spellcasting
  4663 | D:4      | Gained mutation: You are mostly covered in sharp spines.
                  | [demonic ancestry]
  4663 | D:4      | Reached XP level 6. HP: 37/44 MP: 3/12
  4969 | D:4      | Gained mutation: You have a pair of small horns on your
                  | head. [potion of mutation]
  4969 | D:4      | Gained mutation: You are mostly covered in yellow scales.
                  | (AC +3) [potion of mutation]
  5129 | D:4      | Noticed Menkaure
  5316 | D:4      | Found an opulent altar of Gozag.
  5599 | D:4      | Found a radiant altar of Vehumet.
  5599 | D:4      | Found an ancient bone altar of Kikubaaqudgha.
  5601 | D:4      | Found a shimmering blue altar of Sif Muna.
  5608 | D:4      | Identified Sif Muna's Handbook of Translocation
  5615 | D:4      | Became a worshipper of Sif Muna the Loreminder
  5687 | D:4      | Found a snail-covered altar of Cheibriados.
  5980 | D:4      | Killed Menkaure
  6239 | D:4      | Gained mutation: You have razor-sharp toenails. [demonic
                  | ancestry]
  6239 | D:4      | Reached XP level 7. HP: 49/51 MP: 8/14
  6594 | D:4      | Reached skill level 5 in Spellcasting
  7482 | D:5      | Entered Level 5 of the Dungeon
  7769 | D:5      | Found a staircase to the Ecumenical Temple.
  7939 | D:5      | Reached skill level 1 in Short Blades
  8536 | D:6      | Learned a level 1 spell: Apportation
  8602 | D:6      | Found a sparkling altar of Nemelex Xobeh.
  8602 | D:6      | Found a burning altar of Makhleb.
  8610 | D:6      | Reached XP level 8. HP: 60/60 MP: 10/16
  8613 | D:6      | Learned a level 2 spell: Slow
  8691 | D:6      | Reached * piety under Sif Muna
  9053 | D:6      | Reached skill level 1 in Translocations
  9341 | D:6      | Noticed Eustachio
  9368 | D:6      | Killed Eustachio
  9369 | D:6      | Reached skill level 6 in Spellcasting
  9758 | D:7      | Reached skill level 5 in Fighting
 10000 | D:7      | Reached skill level 1 in Armour
 10197 | D:7      | Noticed Maggie
 10213 | D:7      | Noticed Edmund
 10305 | D:7      | Reached ** piety under Sif Muna
 10562 | D:7      | Killed Maggie
 10563 | D:7      | Reached skill level 7 in Spellcasting
 10563 | D:7      | Gained mutation: You sometimes gain power by taking damage.
                  | [demonic ancestry]
 10563 | D:7      | Reached XP level 9. HP: 68/68 MP: 5/19
 10748 | D:7      | Killed Edmund
 10830 | D:7      | Noticed Sigmund
 10833 | D:7      | Killed Sigmund
 11057 | D:8      | Reached skill level 1 in Polearms
 11166 | D:8      | Noticed a two-headed ogre
 11177 | D:8      | Noticed Psyche
 11186 | D:8      | Slain by a two-headed ogre

Illustrated notes

Levels and vault maps discovered:
D:1:      dpeg_arrival_orchard, layout_basic
D:2:      layout_basic, roderic_serpentine_path
D:3:      layout_loops_ring, uniq_ijyb
D:4:      wad_woods_pond, layout_loops_corners,
          grunt_temple_overflow_magic_moments, lemuel_crystal_altar,
          nicolae_gozag_seed_capital, uniq_menkaure
D:5:      layout_cave_pools, minmay_temple_entry_mini_moons
D:6:      layout_loops_ring, grunt_temple_overflow_open, minmay_lizard_king,
          uniq_eustachio
D:7:      layout_rooms, sigmund_edmund_badplayer, uniq_maggie
D:8:      layout_basic, lemuel_crystal_altar, gammafunk_temple_overflow_pools,
          minmay_crossroads, uniq_psyche, uniq_maurice, uniq_grum

Skill      XL: |  1  2  3  4  5  6  7  8  9 |
---------------+----------------------------+-----
Dodging        | 2 3 |  3.1
Stealth        | 2 3 4 |  4.1
Fighting       | 1 2 3 5 |  5.6
Spellcasting   | 4 5 7 |  7.2
Summonings     | 2 3 4 |  4.9
Conjurations   | 2 |  2.5
Short Blades   | 1 2 |  2.8
Translocations | 1 |  1.0
Armour         | 1 |  1.3
Polearms       | 1 |  1.0
Axes           | |  0.8
Hexes          | |  0.7

Action                   |  1- 3 |  4- 6 |  7- 9 || total
-------------------------+-------+-------+-------++-------
Melee: Hand axe          |    42 |       |       ||    42
       Dagger            |    48 |    36 |       ||    84
       Short sword       |       |    37 |   121 ||   158
       Headbutt          |       |     1 |    23 ||    24
       Scythe            |       |       |    13 ||    13
 Fire: Hand crossbow     |       |       |     1 ||     1
Throw: Dart              |       |       |     2 ||     2
 Cast: Magic Dart        |    33 |    58 |    66 ||   157
       Call Imp          |     6 |    41 |    62 ||   109
       Blink             |       |     2 |       ||     2
       Slow              |       |       |     7 ||     7
       Apportation       |       |       |     2 ||     2
Evoke: Wand              |       |       |     3 ||     3
  Use: Scroll            |     9 |     5 |     7 ||    21
       Potion            |     3 |     9 |       ||    12
 Stab: Sleeping          |     8 |     6 |     5 ||    19
       Distracted        |       |       |     2 ||     2
       Paralysed         |       |       |     2 ||     2
Armor: Robe              |    12 |    27 |    26 ||    65
       Leather armour    |    19 |       |    23 ||    42
Dodge: Dodged            |    73 |    42 |    88 ||   203
